AoeStats
← Dovalle95

Pilgrims

509987981Analyzed
4v4 RM · 2d ago on Sep 28, 2026· 51m 50s· 8 players
Game mode
Random Map
Map size
Large (8 player)
Population
200
Speed
Normal
Resources
Standard
Victory
Conquest
Starting age
Dark Age
Ending age
Imperial Age
RankedLock teamsTeams togetherTeam positionsShared explorationLock speedFull tech treeHidden civsTurbo modeCheats
Victory
Defeat
🇨🇱 Japanese · Chile
1043
+13
🇹🇼 Franks · Taiwan
1039
+13
🇨🇱 Vietnamese · Chile
994
+15
🇨🇿 Cumans · Czechia
900
+18
🇨🇴 Magyars · Colombia
1005
-17
🇹🇷 Malay · Türkiye
977
-15
🇨🇴 Italians · Colombia
950
-14
🇺🇦 Vikings · Ukraine
936
-13
Selobate
4:56 Loom
13:16 Feudal Age
13:12 Double-Bit Axe
14:44 Wheelbarrow
13:44 Man-at-Arms
16:36 Gold Mining
18:07 Fishing Lines
Dovalle95
11:59 Loom
13:47 Feudal Age
22:38 Castle Age
21:16 Padded Archer Armor
21:07 Fletching
23:45 Husbandry
30:00 Scale Barding Armor
31:33 Bloodlines
30:44 Light Cavalry
34:57 Chain Barding Armor
35:32 Corvinian Army
37:30 Wheelbarrow
42:39 Murder Holes
47:21 Imperial Age
45:07 Hand Cart
47:27 Scale Mail Armor
Jhoan17
10:06 Loom
11:53 Feudal Age
13:35 Double-Bit Axe
17:14 Castle Age
15:52 Wheelbarrow
15:42 Fishing Lines
18:05 Gillnets
20:26 Bow Saw
20:30 Gold Mining
22:32 Fletching
22:43 Padded Archer Armor
24:12 Leather Archer Armor
23:53 Bodkin Arrow
24:04 Stone Mining
26:52 Ballistics
27:15 Silk Road
28:42 Stone Shaft Mining
31:42 Imperial Age
29:28 Hand Cart
32:00 Elite Genoese Crossbowman
33:51 Two-Man Saw
33:36 Bracer
34:07 Ring Archer Armor
35:52 Horse Collar
38:51 Chemistry
1mmr
5:53 Loom
12:19 Feudal Age
13:04 Double-Bit Axe
15:51 Fishing Lines
17:58 Gold Mining
21:02 Castle Age
19:22 Stone Mining
20:32 Fletching
21:42 Bodkin Arrow
22:35 Bow Saw
23:34 Careening
23:35 Clinker Construction
24:04 Ballistics
26:25 Gillnets
33:40 Imperial Age
32:44 Squires
32:49 Padded Archer Armor
32:52 Scale Mail Armor
33:03 Forging
35:26 Gold Shaft Mining
34:42 Town Watch
35:59 Chemistry
35:23 Conscription
36:33 Arrowslits
36:39 Guard Tower
37:29 Carvel Hull
37:30 Dry Dock
38:42 Bogsveigar
38:51 Bracer
38:59 Crossbowman
41:08 Two-Man Saw
41:44 Masonry
42:51 Leather Archer Armor
42:56 Chain Mail Armor
42:16 Arbalester
45:56 Ring Archer Armor
46:36 Chain Mail Armor
46:56 Iron Casting
48:22 Chieftains
49:01 Plate Mail Armor
MarkusVinicius
9:21 Loom
13:46 Feudal Age
16:04 Double-Bit Axe
18:18 Wheelbarrow
18:27 Fishing Lines
20:07 Horse Collar
21:31 Gold Mining
26:52 Castle Age
25:34 Bloodlines
26:34 Scale Barding Armor
26:40 Forging
26:33 Town Watch
27:40 Gillnets
28:13 Medium Warships
29:42 Hand Cart
30:15 Iron Casting
30:01 Chain Barding Armor
30:22 Heavy Plow
30:44 Bow Saw
30:58 Stone Mining
31:54 Town Patrol
32:50 Pikeman
33:30 Squires
35:25 Gold Shaft Mining
37:11 Scale Mail Armor
41:38 Ballistics
41:29 Masonry
41:15 Murder Holes
41:46 Careening
45:01 Imperial Age
43:33 Steppe Husbandry
45:08 Chain Mail Armor
44:44 Fletching
44:55 Padded Archer Armor
46:26 Plate Barding Armor
45:26 Elite Steppe Lancer
47:30 Blast Furnace
46:23 Fletching
51:16 Plate Mail Armor
50:42 Bodkin Arrow
50:47 Padded Archer Armor
52:01 Chemistry
Battousai_Mc
7:36 Loom
11:55 Feudal Age
14:32 Double-Bit Axe
14:29 Fishing Lines
17:01 Castle Age
15:05 Fishing Lines
15:16 Double-Bit Axe
16:56 Gold Mining
26:21 Ballistics
39:33 Imperial Age
36:49 Town Watch
38:06 Fletching
38:16 Padded Archer Armor
39:13 Bow Saw
41:27 Chemistry
40:35 Horse Collar
41:20 Bodkin Arrow
41:41 Leather Archer Armor
43:42 Bracer
43:58 Leather Archer Armor
44:17 Stone Mining
48:17 Elite Rattan Archer
50:17 Wheelbarrow
49:42 Town Patrol
William
4:08 Loom
13:50 Feudal Age
15:48 Wheelbarrow
18:51 Double-Bit Axe
19:19 Town Watch
21:30 Wheelbarrow
24:31 Castle Age
22:35 Fletching
22:44 Stone Mining
23:36 Gold Mining
25:51 Bow Saw
27:39 Scale Barding Armor
28:32 Medium Warships
28:37 Town Patrol
29:16 Husbandry
30:04 Fishing Lines
36:45 Imperial Age
35:56 Padded Archer Armor
38:15 Conscription
38:08 Cavalier
39:23 Cavalier
41:51 Hand Cart
41:47 Paladin
44:35 Chain Barding Armor
44:26 Forging
46:32 Plate Barding Armor
47:57 Iron Casting
49:11 Conscription
48:53 Chivalry
48:22 Light Cavalry
49:53 Gold Shaft Mining
51:27 Blast Furnace
Nyxzio
6:02 Loom
11:50 Feudal Age
16:23 Castle Age
14:33 Double-Bit Axe
15:12 Fletching
17:13 Wheelbarrow
20:08 Medium Warships
19:57 Town Watch
25:11 Hand Cart
25:13 Fishing Lines
27:03 Gillnets
29:31 Forging
29:22 Scale Mail Armor
30:26 Squires
30:11 Arson
30:12 Gambesons
31:05 Iron Casting
31:39 Bow Saw
31:12 Horse Collar
34:26 Chain Mail Armor
35:03 Heavy Plow
37:07 Gold Mining
37:17 Stone Mining
44:04 Imperial Age
45:17 Conscription
44:18 Elite Samurai
46:10 Blast Furnace
46:43 Bodkin Arrow
46:48 Padded Archer Armor
47:19 Plate Mail Armor
47:37 Kataparuto
47:10 Heavy Cavalry Archer
48:17 Parthian Tactics
48:35 Thumb Ring
49:58 Chemistry
49:03 Bracer
49:19 Leather Archer Armor
49:46 Gold Shaft Mining
51:09 Two-Man Saw
52:38 Ring Archer Armor
52:14 Scale Barding Armor
Connection lost

Rejoining the realm…

Still unreachable

The connection could not be restored.

Session expired

The server has moved on; the page needs a fresh start.